 Dungeon Crawl Stone Soup version 0.23.0-3-gf3c87f2 (webtiles) character file.

Game seed: 17130658671559003947

194 Borgoz the Sneak (level 6, -17/33 HPs)
             Began as a Kobold Enchanter on Feb 23, 2019.
             Demolished by an ogre
             ... wielding a +0 giant spiked club
              (24 damage)
             ... on level 4 of the Dungeon.
             The game lasted 00:06:19 (3906 turns).

Borgoz the Sneak (Kobold Enchanter)                 Turns: 3906, Time: 00:06:20

Health: -17/33     AC:  2    Str:  8    XL:     6   Next: 3%
Magic:  6/10       EV: 16    Int: 16    God:
Gold:   155        SH:  0    Dex: 15    Spells: 7/10 levels left

rFire    . . .     SeeInvis .   i - +1 dagger (venom)
rCold    . . .     Gourm    .   (shield restricted)
rNeg     . . .     Faith    .   b - +0 robe
rPois    .         Spirit   .   (no helmet)
rElec    .         Reflect  .   (no cloak)
rCorr    .         Harm     .   (no gloves)
MR       .....                  (no boots)
Stlth    ++........             (no amulet)
HPRegen  0.11/turn              m - ring of wizardry
MPRegen  0.12/turn              j - ring of attention (curse)

@: no status effects
A: small, carnivore
a: no special abilities


You were on level 4 of the Dungeon.
You were very full.

You visited 1 branch of the dungeon, and saw 4 of its levels.

You collected 155 gold pieces.

Inventory:

Hand Weapons
 i - a +1 dagger of venom (weapon)
Missiles
 g - 18 poisoned needles
Armour
 b - a +0 robe (worn)
Jewellery
 e - an uncursed ring of protection from magic
 j - a cursed ring of attention (right hand)
 m - a ring of wizardry (left hand)
Scrolls
 c - 2 scrolls of teleportation
 p - a scroll of fear
 q - a scroll of random uselessness {unknown}
 r - 2 scrolls of noise {unknown}
Potions
 f - 3 potions of mutation
 h - 2 potions of ambrosia
 k - 2 potions of flight {unknown}
 l - 3 potions of berserk rage
 n - a potion of lignification {unknown}
Comestibles
 d - 8 rations


   Skills:
 + Level 0.9 Fighting
 + Level 3.5 Short Blades
 + Level 3.8 Dodging
 + Level 5.1 Stealth
 + Level 2.7 Spellcasting
 + Level 3.6 Hexes
 + Level 1.1 Ice Magic


You had 7 spell levels left.
You knew the following spells:

 Your Spells              Type           Power        Failure   Level  Hunger
a - Corona                Hex            ##.....      1%          1    #......
b - Ensorcelled Hibernat  Hex/Ice        #.....       4%          2    ##.....

Your spell library contained the following spells:

 Spells                   Type           Power        Failure   Level  Hunger
 Confuse                  Hex            ##......     5%          3    ###....
 Tukima's Dance           Hex            ##......     5%          3    ###....
 Dazzling Spray           Conj/Hex       #.....       11%         3    ###....


Dungeon Overview and Level Annotations

Branches:
Dungeon (4/15)
 Temple: D:4-7

Altars:
Nemelex Xobeh
Sif Muna


Innate Abilities, Weirdness & Mutations

You are small and have problems with some larger weapons.
You are carnivorous and can eat meat at any time.


Message History

* * * LOW HITPOINT WARNING * * *
There is a stone staircase leading up, spattered with blood here.
Casting: Ensorcelled Hibernation (safe; 4% risk of failure)
Confirm with . or Enter, or press ? or * to list all spells.
Aiming: Ensorcelled Hibernation (safe; 4% risk of failure)
Press: ? - help, Shift-Dir - straight line, f/p - ogre
Aim: an ogre, wielding a +0 giant spiked club (chance to defeat MR: 40%)
The ogre resists with some effort.
The ogre completely misses you.
Casting: Ensorcelled Hibernation (safe; 4% risk of failure)
Confirm with . or Enter, or press ? or * to list all spells.
Aiming: Ensorcelled Hibernation (safe; 4% risk of failure)
Press: ? - help, Shift-Dir - straight line, f/p - ogre
Aim: an ogre, wielding a +0 giant spiked club (chance to defeat MR: 40%)
The ogre looks drowsy...
The helpless ogre fails to defend itself.
You impale the ogre!!
The ogre is poisoned.
The ogre is almost dead.
The ogre hits you with a +0 giant spiked club!!
Ouch! That really hurt!
You die...

#. ..... .### # #.# ...
.... #. #.# # # ...
#.##.### ###. ...## #.#
#....... ... ........
#.######...###.##>##......
#...........(.........#...
###.........O#...##.# .
#.## #..........@##.####.#
#. #
#.#.................## #
.. #.#.....<.............
## #.#.........##.#######
# #.#.........##..#
#.#.........###.#
#.#.........# #.#
#.########### #.# ###.###
#.#


You could see an ogre.

Vanquished Creatures
  An iguana (D:4)
  Jessica (D:3)
  8 adders
  2 dart slugs
  4 worms
  A leopard gecko (D:3)
  An orc (D:3)
  9 bats
  2 giant cockroaches
  6 goblins
  3 hobgoblins
  5 kobolds
  A quokka (D:3)
  2 ball pythons
  7 frilled lizards
  4 rats
57 creatures vanquished.

Notes
Turn   | Place    | Note
-------+----------+-------------------------------------------
     0 | D:1      | Borgoz the Kobold Enchanter began the quest for the Orb.
     0 | D:1      | Reached XP level 1. HP: 10/10 MP: 3/3
   210 | D:1      | Reached XP level 2. HP: 12/15 MP: 5/5
   529 | D:1      | Reached XP level 3. HP: 19/19 MP: 6/6
   887 | D:2      | Found a sparkling altar of Nemelex Xobeh.
   936 | D:2      | Learned a level 2 spell: Ensorcelled Hibernation
  2179 | D:3      | Reached XP level 4. HP: 5/24 MP: 3/7
  2241 | D:3      | Noticed Jessica
  2249 | D:3      | Killed Jessica
  2499 | D:3      | Reached XP level 5. HP: 24/28 MP: 8/8
  2936 | D:4      | Found a deep blue altar of Sif Muna.
  2941 | D:4      | Reached skill level 5 in Stealth
  2943 | D:4      | Noticed an ogre
  2967 | D:4      | Reached skill level 1 in Ice Magic
  3788 | D:4      | Reached XP level 6. HP: 33/33 MP: 4/10
  3906 | D:4      | Demolished by an ogre

Skill      XL: |  1  2  3  4  5 |
---------------+----------------+-----
Short Blades   | 2 3 |  3.5
Dodging        | 3 |  3.8
Stealth        | 5 |  5.1
Ice Magic      | 1 |  1.1
Fighting       | |  0.9
Spellcasting   | |  2.7
Hexes          | |  3.6

Action                   |  1- 3 |  4- 6 || total
-------------------------+-------+-------++-------
Melee: Dagger            |   161 |    90 ||   251
 Cast: Ensorcelled Hiber |     4 |    13 ||    17
       Corona            |     3 |       ||     3
  Use: Scroll            |     8 |     2 ||    10
       Potion            |     3 |     2 ||     5
 Stab: Sleeping          |     8 |     5 ||    13
  Eat: Chunk             |    13 |     4 ||    17
Armor: Robe              |    29 |     5 ||    34
Dodge: Dodged            |   153 |    83 ||   236
